 Dungeon Crawl Stone Soup version 0.29-a0-529-gfa20dd96a1 (webtiles) character file.

Game seed: 11072964893156238166

1108 spaghetti the Fighter (level 8, 0/89 HPs)
             Began as an Ogre Berserker on June 1, 2022.
             Was a Believer of Trog.
             Slain by an unseen horror (3 damage)
             ... on level 6 of the Dungeon.
             The game lasted 00:06:52 (6048 turns).

spaghetti the Fighter (Ogre Berserker)              Turns: 6048, Time: 00:06:53

Health: 0/89       AC:  6    Str: 24    XL:     8   Next: 33%
Magic:  8/8        EV: 10    Int:  8    God:    Trog [**....]
Gold:   394        SH:  0    Dex:  8    Spells: 7/7 levels left

rFire   + . .      SeeInvis .     - Unarmed
rCold   . . .      Faith    +   (no shield)
rNeg    . . .      Spirit   .   E - +2 robe {rF+}
rPois   .          Reflect  .   o - +1 hat
rElec   .          Harm     .   (no cloak)
rCorr   .          Rampage  .   (gloves unavailable)
Will    ++...                   (boots unavailable)
Stlth   +.........              B - amulet of faith {!P}
HPRegen 1.24/turn               (no ring)
MPRegen 0.11/turn               (no ring)

@: confused, ambrosia-drunk, strong-willed, on berserk cooldown, attractive,
regenerating, slowed, very slow
A: large, unfitting armour, tough skin 1
a: Renounce Religion, Berserk, Trog's Hand


You were on level 6 of the Dungeon.
You worshipped Trog.
Trog was pleased with you.
You visited 1 branch of the dungeon, and saw 6 of its levels.

You collected 394 gold pieces.


Innate Abilities, Weirdness & Mutations

You are too large for most types of armour.
You have tough skin. (AC +1)


   Skills:
 + Level 8.7 Fighting
 + Level 4.4 Throwing
 - Level 2.6 Dodging
 + Level 6.0 Unarmed Combat


You had 7 spell levels left.
You didn't know any spells.
Your spell library contained the following spells:

 Spells                   Type           Power      Damage    Failure   Level
 Shock                    Conj/Air       0%         1d3       41%         1
 Swiftness                Air            0%         N/A       78%         3
 Airstrike                Air            0%         N/A       99%         4

Inventory:

Hand Weapons
 f - a +0 club {mace}
   (You took it off a goblin on level 1 of the Dungeon)
Missiles
 r - 2 boomerangs {throwing}
 s - 2 poisoned darts {throwing}
 u - 123 stones (quivered) {throwing}
Armour
 a - a +0 animal skin
 o - a +1 hat (worn)
   (You found it on level 2 of the Dungeon)
 E - a +2 robe of fire resistance (worn)
   (You took it off an orc wizard on level 5 of the Dungeon)
Jewellery
 B - an amulet of faith (around neck) {!P}
   (You found it on level 4 of the Dungeon)
Wands
 m - a wand of flame (26)
   (You found it on level 2 of the Dungeon)
 C - a wand of iceblast (6)
   (You found it on level 4 of the Dungeon)
 G - a wand of digging (2)
   (You found it on level 5 of the Dungeon)
Scrolls
 c - a scroll of fear {unknown}
 d - 2 scrolls of immolation {unknown}
 e - 2 scrolls of vulnerability {unknown}
 g - 2 scrolls of identify {unknown}
 h - 2 scrolls of noise {unknown}
 i - 2 scrolls of teleportation {@r4}
 j - 2 scrolls of magic mapping {unknown}
 p - a scroll of enchant armour {unknown}
 w - a scroll of blinking {unknown}
 x - 2 scrolls of poison {unknown}
 y - a scroll of acquirement {unknown}
 z - a scroll of fog {unknown}
 D - a scroll of silence {unknown}
 F - a scroll of enchant weapon {unknown}
Potions
 k - a potion of haste {unknown}
 l - a potion of might {unknown}
 n - 2 potions of attraction {!q}
 q - 2 potions of heal wounds {unknown}
 t - 2 potions of degeneration {unknown}
 v - 2 potions of flight {unknown}
 A - 2 potions of magic {unknown}

Dungeon Overview and Level Annotations

Branches:
Dungeon (6/15)             Temple (0/1) D:4

Altars:

Annotations:
D:5 2 transporters, Gelos's ghost, amateur HOHu

#.. # #.#
#.# ###
##.# ..
..#
##.##.#
#.#
......##.#
#.#
##<......#
#.####
##########
#...(#
####.#
#######
#@#
###.....#
####{####
..#.....#
#..ยง....#
#.#.....#
#.##.##.#
#.#.....#
##.##.# #
#.#.....##
#.....#
#.#......#
#..####
.....#.#.#
#..#####.
.....#...#
#........


There were no monsters in sight!


Message History

You closely miss something. Something hits you! x2
Something hits you but does no damage. ๐Ÿ˜• HP[-16]
You take 16 damage, and now have 73/89 hp.
You miss something. Something hits you. ๐Ÿ˜• HP[-2]
You take 2 damage, and now have 71/89 hp.
Something hits you but does no damage. ๐Ÿ˜• HP[+1]
You barely miss something. Something hits you. x3 ๐Ÿ˜ฎ HP[-8]
You take 8 damage, and now have 64/89 hp.
You closely miss something. Something hits you. ๐Ÿ˜ฎ HP[-6]
You take 6 damage, and now have 58/89 hp.
You miss something. Something hits you. x2 ๐Ÿ˜ฎ HP[-5]
You take 5 damage, and now have 53/89 hp.
Something hits you but does no damage. Something hits you. ๐Ÿ˜ฎ HP[-1]
You take 1 damage, and now have 52/89 hp.
Something hits you! ๐Ÿ˜ฎ HP[-6]
You take 6 damage, and now have 46/89 hp.
Something hits you.
* * * LOW HITPOINT WARNING * * *
You see here 10 stones {throwing}. ๐Ÿ˜จ HP[-5]
You take 5 damage, and now have 41/89 hp.
Something hits you!
* * * LOW HITPOINT WARNING * * *
๐Ÿ˜จ HP[-7]
You take 7 damage, and now have 34/89 hp.
Something hits you but does no damage. Something hits you.
* * * LOW HITPOINT WARNING * * *
๐Ÿ˜จ HP[-6]
You take 6 damage, and now have 28/89 hp.
Something hits you.
* * * LOW HITPOINT WARNING * * *
๐Ÿ˜จ HP[-4]
You take 4 damage, and now have 24/89 hp.
You miss something. Something hits you.
* * * LOW HITPOINT WARNING * * *
๐Ÿ˜ฑ HP[-4]
You take 4 damage, and now have 20/89 hp.
You miss something. Something hits you!
* * * LOW HITPOINT WARNING * * *
Something hits you but does no damage. ๐Ÿ˜ฑ HP[-8]
You take 8 damage, and now have 12/89 hp.
A red film seems to cover your vision as you go berserk!
You feel yourself moving faster!
You feel mighty! Something hits you.
* * * LOW HITPOINT WARNING * * *
You now have 133 max hp (+44).
You feel a strong urge to attack something.
Something hits you but does no damage. x2 ๐Ÿ˜ฑ HP[+1]
You miss something. You hit something. Something hits you but does no damage.
Something hits you but does no damage.
You feel a strong urge to attack something.
Something hits you.
* * * LOW HITPOINT WARNING * * *
๐Ÿ˜ฑ HP[-5]
You take 5 damage, and now have 8/133 hp.
You are no longer berserk.
You are exhausted.
You feel yourself slow down.
Something hits you but does no damage. ๐Ÿ˜ฑ HP[-2]
You now have 89 max hp (-44).
Unknown command.
Okay, then.
Your skin crawls.
You feel strong-willed. Something hits you.
* * * LOW HITPOINT WARNING * * *
Something hits you.
* * * LOW HITPOINT WARNING * * *
๐Ÿ˜ฑ HP[-5]
You take 5 damage, and now have 1/89 hp.
Unknown command.
Unknown command.
Unknown command.
Okay, then.
It was a potion of attraction.
You feel attractive to monsters.
Something hits you but does no damage. x2 ๐Ÿ˜ฑ HP[+1] It was a potion of ambrosia.
You are confused.
You feel invigorated. Something hits you!
* * * LOW HITPOINT WARNING * * *
Something is attracted toward you.
Unknown command.
You bump into the rock wall.
Something hits you but does no damage. Something hits you!
* * * LOW HITPOINT WARNING * * *
Something hits you.
You die...

Skill      XL: |  1  2  3  4  5  6  7  8 |
---------------+-------------------------+-----
Unarmed Combat | 3 4 5 6 |  6.0
Fighting       | 5 6 7 8 |  8.7
Throwing       | 1 2 4 |  4.4
Dodging        | |  2.6

Action                   |  1- 3 |  4- 6 |  7- 9 || total
-------------------------+-------+-------+-------++-------
Melee: Unarmed           |    95 |   172 |   157 ||   424
       Punch             |     3 |     6 |     8 ||    17
Throw: Stone             |       |    19 |    10 ||    29
Invok: Berserk           |     1 |     5 |     3 ||     9
       Trog's Hand       |       |       |     3 ||     3
  Use: Scroll            |       |       |     1 ||     1
       Potion            |       |       |     2 ||     2
Armor: Animal skin       |    42 |    36 |    48 ||   126
       Robe              |       |       |    21 ||    21
Dodge: Dodged            |    53 |    94 |    93 ||   240

Levels and vault maps discovered:
D:1:      roderic_lyre, layout_rooms, minmay_misc_feat_secret_circle,
          grunt_decor_one_mirror
D:2:      layout_rooms, ebering_ecumenical_altar_petrified
D:3:      layout_rooms
D:4:      layout_basic, minmay_temple_entry_statues_pillars
D:5:      minmay_diamond_boxcup, layout_gridville, serial_rivers,
          chequers_serial_rivers_small_3, chequers_serial_rivers_micro_c,
          chequers_serial_rivers_room_a, chequers_serial_rivers_small_b,
          gammafunk_ghost_arena
D:6:      layout_loops_cross

Notes
Turn   | Place    | Note
-------+----------+-------------------------------------------
     0 | D:1      | spaghetti the Ogre Berserker began the quest for the Orb.
     0 | D:1      | Reached XP level 1. HP: 24/24 MP: 1/1
     0 | D:1      | magus.rc [v1.9.6]
   271 | D:1      | Reached XP level 2. HP: 24/33 MP: 2/2
   273 | D:1      | Reached skill level 3 in Unarmed Combat
   768 | D:1      | Reached XP level 3. HP: 15/41 MP: 3/3
   971 | D:1      | You pick up a book of Air {forbidden} and begin reading...
   971 | D:1      | You add the spells Shock, Swiftness and Airstrike to your
                  | library.
  1363 | D:2      | Found a faded altar of an unknown god.
  1686 | D:3      | HP: 13/61 [hound (3)]
  1692 | D:3      | Reached skill level 5 in Fighting
  1692 | D:3      | Reached XP level 4. HP: 17/50 MP: 4/4
  1693 | D:3      | HP: 17/75 [bat (1)]
  1957 | D:3      | Reached ** piety under Trog
  2138 | D:3      | Reached skill level 4 in Unarmed Combat
  2138 | D:3      | Reached XP level 5. HP: 59/59 MP: 5/5
  2144 | D:3      | Reached skill level 6 in Fighting
  2655 | D:4      | Noticed a black bear
  2664 | D:4      | Killed a black bear
  2665 | D:4      | Reached skill level 1 in Throwing
  2665 | D:4      | Reached XP level 6. HP: 68/68 MP: 6/6
  2805 | D:4      | Found a staircase to the Ecumenical Temple.
  3194 | D:4      | Reached skill level 2 in Throwing
  3386 | D:4      | Reached skill level 7 in Fighting
  3592 | D:4      | Reached skill level 5 in Unarmed Combat
  3592 | D:4      | Reached XP level 7. HP: 78/78 MP: 7/7
  3723 | D:4      | Reached skill level 3 in Throwing
  3739 | D:4      | HP: 17/78 [iguana (10)]
  4435 | D:5      | Entered Level 5 of the Dungeon
  4534 | D:5      | Found a transporter.
  4541 | D:5      | Noticed Gelos's ghost (amateur HOHu)
  4542 | D:5      | Found a transporter.
  4787 | D:5      | Reached skill level 8 in Fighting
  4812 | D:5      | Reached skill level 4 in Throwing
  4812 | D:5      | Reached XP level 8. HP: 37/88 MP: 8/8
  4818 | D:5      | HP: 18/88 [scorpion (6)]
  4825 | D:5      | HP: 20/89 [shadow imp (1)]
  5972 | D:6      | Reached skill level 6 in Unarmed Combat
  6036 | D:6      | HP: 20/89 [something (4)]
  6043 | D:6      | HP: 8/133 [something (5)]
  6045 | D:6      | HP: 2/89 [something (6)]
  6048 | D:6      | Slain by an unseen horror

Vanquished Creatures
  A black bear (D:4)
  A centaur (D:5)
  A phantom (D:5)
  5 scorpions
  A howler monkey (D:5)
  4 hounds
  An orc priest (D:3)
  4 iguanas
  3 orc wizards
  4 gnolls (D:4)
  6 adders
  A shadow imp (D:5)
  A white imp (D:5)
  2 ufetubi
  3 worms (D:3)
  2 dart slugs
  9 orcs
  9 bats
  4 endoplasms
  A giant cockroach (D:1)
  6 goblins
  2 hobgoblins
  2 quokkas
  5 ball pythons
  2 frilled lizards (D:1)
  6 kobolds
  3 rats
89 creatures vanquished.

Table legend:
 A = Non-vault XP
 B = Vault XP
 C = Vault XP percentage of total XP
 D = Non-vault monster count
 E = Vault monster count
 F = Vault count percentage of total count
                 A         B        C        D         E       F
            +---------+---------+-------+---------+---------+-------
      Total |    1178 |     405 |  25.6 |      82 |       7 |   7.9
            +---------+---------+-------+---------+---------+-------
        D:1 |      34 |       0 |   0.0 |      22 |       0 |   0.0
        D:2 |       6 |       0 |   0.0 |       4 |       0 |   0.0
        D:3 |     188 |       0 |   0.0 |      24 |       0 |   0.0
        D:4 |     669 |       0 |   0.0 |      25 |       0 |   0.0
        D:5 |     153 |     405 |  72.6 |       5 |       7 |  58.3
        D:6 |     128 |       0 |   0.0 |       2 |       0 |   0.0
            +---------+---------+-------+---------+---------+-------

Illustrated notes

Table legend:
 A = Kills in this place as a percentage of kills in entire the game.
 B = Kills by you in this place as a percentage of kills by you in the entire game.
 C = Kills by friends in this place as a percentage of kills by friends in the entire game.
 D = Other kills in this place as a percentage of other kills in the entire game.
 E = Experience gained in this place as a percentage of experience gained in the entire game.
 F = Experience gained in this place divided by the number of levels of this place that you have seen.
                   A       B       C       D       E      F
               +-------+-------+-------+-------+-------+----------------------
         Total | 100.0 | 100.0 |   N/A |   N/A | 100.0 | 263.8
       Dungeon | 100.0 | 100.0 |   N/A |   N/A | 100.0 | 263.8
               +-------+-------+-------+-------+-------+----------------------

Table legend: (Time is in decaauts)
 A = Elapsed time spent in this place.
 B = Non-inter-level travel time spent in this place.
 C = Inter-level travel time spent in this place.
 D = Time resting spent in this place.
 E = Time spent auto-exploring this place.
 F = Levels seen in this place.
 G = Mean time per level.
                   A        B        C        D        E       F      G
               +--------+--------+--------+--------+--------+-----+--------+
         Total |   6090 |   5920 |    170 |    683 |   4461 |   6 | 1015.0 |
       Dungeon |   6090 |   5920 |    170 |    683 |   4461 |   6 | 1015.0 |
               +--------+--------+--------+--------+--------+-----+--------+

Top non-repeatable levels by time:
     D:4: 1841 daAuts
     D:5: 1405 daAuts
     D:1: 1291 daAuts
     D:3: 726 daAuts
     D:2: 615 daAuts
     D:6: 210 daAuts
